Map: Zen LE

Players

demuLarva - Winner!

  • Race: Terran Terran
  • League: Grandmaster
  • Spawn Location: 1:00

MODEUS

  • Race: Terran Terran
  • League: Master
  • Spawn Location: 7:00

VOD

Have the link to the VOD?

Description

Time

  • Played on: April 20, 2020, 4:46 a.m.
  • Length: 9:42
Show
View Real Time Build Order
Export as new Build Order

demuLarva Terran - Winner!

Build Orders: Mech 

Get SALT Encoding   

  12  0:00  SCV  
  13  0:12  SCV  
  14  0:17  Supply Depot  
  14  0:24  SCV  
  15  0:30  Refinery  
  15  0:39  SCV  
  16  0:44  Barracks  
  16  0:51  SCV  
  16  0:56  Refinery  
  17  1:03  SCV  
  18  1:15  SCV  
  19  1:32  Orbital Command  
  19  1:33  Factory  
  19  1:36  Reaper  
  20  1:48  Supply Depot  
  20  1:59  SCV  
  21  2:08  Reaper  
  22  2:15  SCV  
  22  2:17  Hellion  
  25  2:25  Command Center  
  25  2:34  SCV  
  25  2:39  Hellion  
  25  2:40  Reaper  
  28  2:46  SCV  
  28  2:49  Supply Depot  
  29  2:58  SCV  
  30  2:59  Starport  
  30  3:02  Factory Tech Lab  
  30  3:10  SCV  
  31  3:19  Barracks Reactor  
  30  3:22  SCV  
  30  3:25  Cyclone  
  34  3:34  SCV  
  34  3:39  Refinery  
  35  3:46  SCV  
  36  3:58  SCV  
  36  4:02  SCV  
  36  4:10  SCV  
  36  4:12  Raven  
  36  4:15  Orbital Command  
  38  4:20  Factory Tech Lab  
  38  4:22  SCV, Command Center  
  39  4:25  Marine  
  39  4:26  Marine  
  41  4:36  Supply Depot  
  41  4:38  SCV  
  41  4:40  Refinery  
  41  4:42  Cyclone  
  41  4:44  SCV  
  46  4:50  SCV  
  45  5:03  Marine x2  
  45  5:04  Raven  
  45  5:06  SCV  
  45  5:07  SCV  
  48  5:12  Factory  
  48  5:15  Factory  
  48  5:18  SCV  
  48  5:19  SCV  
  50  5:22  Marine x2  
  50  5:25  Cyclone  
  55  5:31  SCV  
  55  5:34  Orbital Command  
  56  5:36  SCV  
  56  5:41  Mag-Field Accelerator  
  57  5:43  SCV  
  57  5:48  SCV  
  59  5:55  SCV  
  60  5:58  Factory Reactor  
  60  6:00  SCV, Viking x2  
  60  6:02  SCV  
  66  6:07  SCV  
  66  6:08  Supply Depot  
  66  6:09  Supply Depot  
  67  6:12  SCV  
  67  6:14  SCV  
  68  6:19  SCV  
  68  6:24  SCV  
  67  6:27  SCV  
  68  6:38  SCV x2  
  71  6:43  Siege Tank  
  71  6:44  Viking x2, Hellion x2, Siege Tank  
  84  6:50  SCV x2  
  84  6:54  Supply Depot  
  84  6:55  Supply Depot  
  84  6:57  Orbital Command  
  84  7:02  SCV x2  
  86  7:12  Hellion x2  
  86  7:14  Viking x2  
  92  7:15  SCV  
  92  7:17  Supply Depot  
  92  7:18  SCV, Supply Depot  
  94  7:26  Siege Tank x2  
  94  7:28  SCV  
  101  7:30  SCV x2  
  101  7:32  Refinery  
  101  7:34  Refinery  
  103  7:38  Hellion  
  103  7:39  Hellion  
  105  7:47  SCV  
  106  7:52  Factory x2  
  106  7:53  Armory  
  106  7:55  Armory  
  102  8:18  Liberator  
  102  8:19  Siege Tank x2  
  109  8:20  Hellion x2  
  109  8:37  SCV x2  
  109  8:38  Supply Depot x3  
  111  8:41  Factory Reactor, Command Center, Factory Tech Lab  
  111  8:43  Command Center  
  111  8:48  Hellion x2  
  115  8:49  Viking  
  115  8:51  SCV x2  
  119  9:00  Siege Tank  
  119  9:01  Viking  
  119  9:22  SCV  
Show
View Real Time Build Order
Export as new Build Order

MODEUS Terran 

Build Orders: Liberator Opening, Reaper Expand, Mech 

Get SALT Encoding   

  12  0:01  SCV  
  13  0:13  SCV  
  14  0:17  Supply Depot  
  14  0:25  SCV  
  15  0:38  SCV  
  15  0:40  Barracks  
  16  0:44  Refinery  
  16  0:50  SCV  
  17  1:02  SCV  
  18  1:15  SCV  
  19  1:27  Orbital Command  
  19  1:28  Reaper  
  20  1:43  Command Center  
  20  1:52  SCV  
  21  2:00  Reaper, Refinery  
  22  2:03  Supply Depot  
  22  2:10  SCV  
  23  2:25  SCV  
  23  2:26  Factory  
  23  2:37  SCV  
  23  2:40  Barracks Reactor  
  24  2:49  SCV  
  25  2:55  Orbital Command  
  25  3:01  SCV  
  26  3:16  Factory Tech Lab  
  26  3:17  Starport, Marine x2  
  26  3:18  SCV  
  27  3:24  SCV  
  28  3:30  SCV  
  29  3:35  Cyclone, Marine x2  
  29  3:40  SCV  
  35  3:42  SCV  
  36  3:52  SCV  
  36  4:00  Marine x2  
  36  4:01  Liberator  
  37  4:05  SCV x2  
  37  4:07  Cyclone  
  40  4:17  SCV x2  
  40  4:18  Refinery  
  41  4:29  SCV x2  
  43  4:33  Command Center  
  43  4:41  SCV  
  44  4:46  SCV  
  45  4:53  SCV  
  45  4:58  SCV  
  43  5:05  SCV  
  43  5:06  Hellion  
  46  5:14  Supply Depot  
  46  5:15  Supply Depot  
  46  5:27  Armory, Barracks Tech Lab  
  46  5:29  Armory  
  46  5:34  Refinery  
  46  5:36  Viking x2, SCV x2, Siege Tank  
  55  5:47  Orbital Command  
  55  5:48  SCV x2  
  57  6:00  SCV  
  57  6:01  SCV  
  57  6:02  Factory  
  57  6:03  Factory  
  59  6:06  Barracks Reactor  
  59  6:12  SCV  
  59  6:13  SCV  
  59  6:17  Siege Tank  
  62  6:20  Terran Vehicle And Ship Armor Level 1  
  62  6:24  SCV  
  62  6:25  SCV  
  61  6:26  Orbital Command  
  61  6:29  Terran Vehicle Weapons Level 1  
  58  6:36  SCV  
  58  6:37  SCV  
  55  6:42  Viking x2  
  58  6:48  SCV  
  58  6:49  SCV  
  60  6:55  Hellion x2  
  60  6:57  Refinery  
  60  7:00  SCV  
  65  7:01  SCV  
  65  7:03  SCV  
  65  7:13  SCV x2  
  65  7:14  Refinery  
  67  7:16  SCV  
  67  7:17  Siege Tank  
  67  7:18  Siege Tank  
  74  7:25  SCV x2  
  74  7:28  SCV  
  77  7:37  SCV x2  
  77  7:40  SCV  
  77  7:41  Supply Depot  
  77  7:42  Supply Depot  
  78  7:49  SCV x2  
  78  7:50  Siege Tank  
  78  7:51  Siege Tank  
  84  7:52  SCV  
  85  8:03  Viking x2, SCV x2  
  85  8:04  SCV  
  85  8:15  SCV x2  
  85  8:16  SCV  
  77  8:21  Hellion x2  
  81  8:27  SCV x2  
  81  8:28  SCV  
  83  8:39  SCV x2, Cyclone x2  
  83  8:40  SCV  
  90  8:42  Supply Depot  
  90  8:51  Viking x2, SCV x2  
  90  8:52  SCV  
  97  8:56  Supply Depot  
  97  9:00  Hellbat  
  99  9:03  SCV x2  
  99  9:04  SCV  
  102  9:15  SCV x2  
  102  9:17  SCV  
  80  9:28  SCV x2  
  80  9:29  SCV  
Tags
 
Add a new tag
Caveats
  • Supply blocks, unpowered buildings, or Contaminate may cause inaccurate times.
  • Supply counts are checked every 10 seconds.